Map: Tokamak LE

Players

Turbonic - Winner!

  • Race: Protoss Protoss
  • League: Diamond
  • Spawn Location: 1:00

LigerMaNN

  • Race: Zerg Zerg
  • League: Diamond
  • Spawn Location: 7:00

VOD

Have the link to the VOD?

Description

Time

  • Played on: June 26, 2025, 2:24 a.m.
  • Length: 8:45
Show
View Real Time Build Order
Export as new Build Order

Turbonic Protoss - Winner!

Build Orders: Nexus First, Zealot Archon 

Get SALT Encoding   

  1  0:00  Probe  
  12  0:05  Probe  
  14  0:20  Pylon  
  14  0:21  Probe  
  15  0:53  Nexus  
  15  1:04  Probe  
  15  1:05  Forge  
  16  1:12  Probe  
  17  1:38  Photon Cannon  
  17  1:42  Photon Cannon  
  17  1:44  Assimilator  
  17  1:49  Gateway  
  17  1:54  Probe  
  18  2:15  Pylon, Probe  
  19  2:24  Probe  
  20  2:33  Probe  
  20  2:35  Photon Cannon  
  21  2:43  Photon Cannon  
  21  2:50  Cybernetics Core  
  21  2:51  Probe  
  22  3:00  Assimilator  
  22  3:03  Probe  
  24  3:12  Probe  
  24  3:15  Probe  
  24  3:16  Warp Gate  
  25  3:28  Probe  
  25  3:33  Twilight Council  
  26  3:37  Gateway  
  26  3:40  Probe  
  27  3:42  Assimilator  
  27  3:43  Probe  
  28  3:49  Gateway  
  28  3:52  Probe  
  29  3:56  Probe  
  30  4:04  Probe  
  30  4:08  Probe, Charge  
  30  4:09  Assimilator  
  32  4:14  Protoss Ground Weapons Level 1  
  32  4:16  Probe  
  32  4:17  Dark Shrine  
  33  4:22  Gateway  
  33  4:29  Probe  
  34  4:32  Probe  
  35  4:44  Probe  
  36  5:01  Pylon  
  36  5:07  Pylon  
  36  5:25  Gateway  
  36  5:29  Dark Templar x3  
  36  5:30  Dark Templar  
  44  5:37  Probe  
  44  5:40  Gateway  
  45  5:49  Probe  
  46  6:01  Dark Templar  
  46  6:02  Pylon, Dark Templar x2  
  52  6:05  Protoss Ground Armor Level 1  
  52  6:10  Dark Templar  
  54  6:19  Archon  
  54  6:22  Dark Templar, Archon  
  56  6:31  Archon x2  
  56  6:34  Dark Templar  
  56  6:35  Zealot x2  
  56  6:36  Zealot  
  64  6:40  Pylon  
  64  6:43  Archon  
  64  6:44  Dark Templar  
  66  6:52  Pylon  
  66  6:55  Dark Templar, Zealot  
  70  7:04  Archon  
  70  7:07  Dark Templar  
  70  7:08  Zealot x2  
  76  7:17  Dark Templar, Zealot  
  80  7:27  Dark Templar  
  80  7:28  Zealot x2  
  84  7:50  Dark Templar, Zealot x3  
  84  7:51  Zealot  
  80  8:12  Dark Templar x3  
  86  8:26  Dark Templar, Zealot  
  84  8:27  Zealot  
  74  8:44  Dark Templar  
  74  8:45  Zealot  
Show
View Real Time Build Order
Export as new Build Order

LigerMaNN Zerg 

Build Orders: Hatch First 

Get SALT Encoding   

  12  0:01  Drone  
  13  0:12  Overlord  
  13  0:16  Drone  
  14  0:32  Drone  
  14  0:33  Drone  
  16  0:46  Hatchery  
  15  0:50  Drone  
  15  0:54  Drone  
  17  0:57  Drone  
  18  1:10  Extractor  
  17  1:14  Spawning Pool  
  17  1:17  Drone  
  17  1:21  Drone  
  18  1:28  Drone  
  19  1:45  Drone  
  20  1:49  Drone  
  21  1:58  Overlord  
  21  2:01  Zergling x2, Queen  
  22  2:04  Queen  
  26  2:09  Zergling x2  
  27  2:16  Metabolic Boost  
  27  2:29  Spine Crawler  
  26  2:33  Drone x3  
  26  2:34  Drone  
  26  2:36  Drone  
  31  2:59  Drone  
  31  3:00  Drone x3  
  35  3:05  Roach Warren  
  35  3:08  Evolution Chamber  
  35  3:09  Queen  
  35  3:12  Overlord  
  35  3:17  Overlord  
  35  3:33  Spore Crawler  
  34  3:34  Spore Crawler  
  34  3:37  Drone  
  34  3:38  Drone x5  
  39  3:49  Queen  
  39  3:51  Lair  
  41  4:04  Drone x3  
  43  4:19  Hatchery  
  41  4:38  Spine Crawler  
  40  4:45  Drone x3  
  42  4:46  Extractor x2  
  42  4:47  Drone x2  
  42  4:50  Overlord x5  
  42  4:51  Overlord x3  
  43  5:08  Queen  
  43  5:13  Drone x2  
  47  5:15  Drone x2  
  47  5:17  Glial Reconstitution  
  47  5:21  Zergling x6  
  52  5:41  Overseer  
  52  5:46  Zerg Missile Weapons Level 1  
  52  5:47  Roach x2  
  52  5:48  Zergling x8  
  52  5:49  Zergling x4  
  62  6:04  Overseer  
  62  6:09  Pneumatized Carapace  
  64  6:11  Zergling x10  
  67  6:22  Zergling x2  
  67  6:23  Roach x3  
  67  6:25  Roach  
  76  6:40  Hatchery  
  76  6:46  Hatchery  
  74  7:17  Roach x8  
  90  7:36  Roach x6, Spore Crawler  
  98  7:39  Spine Crawler x2  
  78  7:55  Roach  
  78  7:56  Roach x4  
  74  8:09  Roach x3  
  74  8:23  Overseer  
Tags
 
Add a new tag
Caveats
  • Supply blocks, unpowered buildings, or Contaminate may cause inaccurate times.
  • Supply counts are checked every 10 seconds.